 Dungeon Crawl Stone Soup version 0.31.0-11-ge490571c62 (webtiles) character file.

Game seed: 18006042306062784724

1841 stipulation the Reanimator (level 9, -1/21 (42) HPs)
             Began as a Vine Stalker Necromancer on Jan 28, 2024.
             Slain by Jeremiah
             ... wielding a +2 trident of draining
              (7 damage)
             ... on level 6 of the Dungeon.
             The game lasted 00:12:53 (8104 turns).

stipulation the Reanimator (VSNe)                   Turns: 8104, Time: 00:12:53

HP:   -1/21 (42)    AC:  6    Str: 12    XL:     9   Next: 12%
MP:   0/28          EV: 12    Int: 19    God:
Gold: 409           SH:  0    Dex: 15    Spells: 10/20 levels left

rFire   . . .        h - staff of earth
rCold   . . .        (no shield)
rNeg    . . .        a - +0 robe
rPois   .            (no helmet)
rElec   .            (no cloak)
rCorr   +            B - +2 pair of gloves
SInv    +            D - +0 pair of boots {Stlth+}
Will    +....        (no amulet)
Stlth   ++++         j - ring "Gitwaot" {rCorr MP+9 Dex-5 SInv Stlth+}
HPRegen 1.03/turn    r - +6 ring of dexterity
MPRegen 0.21/turn

%: guardian spirit
@: extremely drained
A: fangs 3, regeneration 1, magic shield, antimagic bite, no potion heal 2
a: no special abilities


You were on level 6 of the Dungeon.
You visited 1 branch of the dungeon, and saw 6 of its levels.

You collected 409 gold pieces.

Inventory:

Armour
 a - a +0 robe (worn)
 A - a +1 pair of boots
 B - a +2 pair of gloves (worn)
 D - a +0 pair of boots of stealth (worn)
Magical Staves
 h - a staff of earth (weapon)
Jewellery
 j - the ring "Gitwaot" (left hand) {rCorr MP+9 Dex-5 SInv Stlth+}
   (You found it on level 2 of the Dungeon)

   [ring of magical power]

   Dex-5:     It affects your dexterity (-5).
   MP+9:      It affects your magic capacity (+9).
   SInv:      It lets you see invisible.
   rCorr:     It protects you from acid and corrosion.
   Stlth+:    It makes you more stealthy.
 r - a +6 ring of dexterity (right hand)
Wands
 t - a wand of charming (6)
 x - a wand of flame (35)
Scrolls
 d - 2 scrolls of butterflies
 i - 4 scrolls of teleportation
 k - a scroll of immolation {unknown}
 m - a scroll of noise
 q - a scroll of poison {unknown}
 s - a scroll of amnesia
 w - 2 scrolls of identify {unknown}
 y - a scroll of fear {unknown}
 z - a scroll of silence {unknown}
 C - a scroll of vulnerability {unknown}
Potions
 b - a potion of magic
 c - a potion of lignification {unknown}
 e - 4 potions of ambrosia {unknown}
 f - a potion of haste {unknown}
 g - 2 potions of degeneration {unknown}
 l - 5 potions of curing {unknown}
 n - 2 potions of heal wounds {unknown}
 o - a potion of mutation {unknown}
 p - a potion of berserk rage {unknown}
 u - 2 potions of might {unknown}
 v - a potion of attraction {unknown}


   Skills:
 - Level 2.0 Fighting
 - Level 2.0 Staves
 - Level 1.5 Dodging
 - Level 2.4 Stealth
 + Level 6.1 Spellcasting
 * Level 9.3 Necromancy
 - Level 4.0 Translocations


You had 10 spell levels left.
You knew the following spells:

 Your Spells              Type           Power      Damage    Failure   Level
a - Necrotise             Necr           100%       1d9       1%          1
b - Vampiric Draining     Necr           41%        2d8       1%          3
c - Animate Dead          Necr           41%        N/A       2%          4
d - Blink                 Tloc           42%        N/A       3%          2

Your spell library contained the following spells:

 Spells                   Type           Power      Damage    Failure   Level
 Lesser Beckoning         Tloc           42%        N/A       3%          2
 Gell's Gravitas          Tloc           21%        N/A       6%          3
 Teleport Other           Tloc           21%        N/A       6%          3
 Curse of Agony           Necr           41%        N/A       7%          5
 Momentum Strike          Conj/Tloc      26%        3d8       8%          2
 Summon Small Mammal      Summ           20%        N/A       11%         1
 Manifold Assault         Tloc           21%        N/A       22%         4
 Call Canine Familiar     Summ           5%         N/A       32%         3
 Inner Flame              Hex/Fire       5%         N/A       32%         3
 Vhi's Electric Charge    Tloc/Air       26%        N/A       43%         4
 Flame Wave               Conj/Fire      5%         2d5       73%         4
 Sticky Flame             Fire/Alch      5%         2d4       73%         4
 Summon Blazeheart Golem  Fire/Summ      5%         N/A       73%         4
 Arcjolt                  Conj/Air       2%         1d12      97%         5
 Irradiate                Conj/Alch      2%         3d12      97%         5
 Dispersal                Tloc           10%        N/A       97%         6
 Disjunction              Tloc           10%        N/A       100%        8
 Ignition                 Fire           2%         3d3       100%        8
 Maxwell's Capacitive Co  Air            2%         ∞         100%        8


Dungeon Overview and Level Annotations

Branches:
Dungeon (6/15)
 Temple: D:4-7

Altars:
Trog

Annotations:
D:4 Sigmund
D:6 Jeremiah


Innate Abilities, Weirdness & Mutations

You have razor-sharp teeth.
Your natural rate of healing is unusually fast.
When hurt, damage is shared between your health and your magic reserves.
Your bite disrupts and absorbs the magic of your enemies.
Potions cannot restore your health.


Message History

The puff of flame misses the butterfly.
The puff of flame hits Jeremiah but does no damage.
Jeremiah is severely wounded.
Aiming: Throw Flame
Press: ? - help, Shift-Dir - straight line, f/p - Jeremiah
Aim: Jeremiah, wielding a +2 trident of draining, wearing a +1 robe of positive energy and wearing an orb of mayhem (severely wounded, 60% to hit)
The puff of flame misses the butterfly.
The puff of flame hits the butterfly.
You kill the butterfly!
The butterfly disappears in a burst of colours!
Jeremiah hops!
Jeremiah hits you from afar with a +2 trident of draining.
You feel drained.
You hit the butterfly.
You kill the butterfly!
The butterfly disappears in a burst of colours!
Jeremiah hits you from afar with a +2 trident of draining.
You feel drained.
You hit the butterfly.
You kill the butterfly!
The butterfly disappears in a burst of colours!
Jeremiah hits you from afar with a +2 trident of draining!
You feel drained.
Aiming: Throw Flame
Press: ? - help, Shift-Dir - straight line, f/p - Jeremiah
Aim: Jeremiah, wielding a +2 trident of draining, wearing a +1 robe of positive energy and wearing an orb of mayhem (severely wounded, 60% to hit)
The puff of flame hits the butterfly!
You kill the butterfly!
The butterfly disappears in a burst of colours!
Jeremiah hits you from afar with a +2 trident of draining.
You feel drained.
* * * LOW HITPOINT WARNING * * *
Aiming: Throw Flame
Press: ? - help, Shift-Dir - straight line, f/p - Jeremiah
Aim: Jeremiah, wielding a +2 trident of draining, wearing a +1 robe of positive energy and wearing an orb of mayhem (severely wounded, 60% to hit)
The puff of flame hits the butterfly!
You kill the butterfly!
The butterfly disappears in a burst of colours! x2
Jeremiah hits you from afar with a +2 trident of draining!
You die...
Jeremiah wails, "I didn't mean to kill anyone!
I'm not a murderer!"

#..##..).##.#
#......).##.###
.......#)..)..#
#####.#####.#.# .#
#.......#.# .#
#########.#### .#
#######.....bF# .#
#.....#b##b##b#
.###.....#b##.##@#
.........#.##.##.#
.###.....#.#...#.#
.# #.F...#.#.....##
.####..###........#
..# #..# ###.##.#.#
#.# #..#####.##.#.#
#.###b..bbb...b.#.#
#######
#.#....b.b##.#..#.#
#......


You could see Jeremiah.

Vanquished Creatures
  A steam dragon (D:6)
  Menkaure (D:4)
  A water moccasin (D:5)
  Duvessa (D:6)
  An ogre (D:6)
  3 phantoms
  2 kobold brigands (D:6)
  Blork the orc (D:5)
  A bullfrog (D:6)
  3 scorpions
  Dowan (D:6)
  A howler monkey (D:5)
  A jelly (D:6)
  2 orc priests (D:6)
  3 hounds
  3 orc wizards
  Ijyb (D:3)
  An iguana (D:5)
  2 sleepcaps (D:6)
  4 gnolls (D:6)
  An adder (D:4)
  2 white imps (D:6)
  2 ufetubi (D:6)
  A ribbon worm (D:2)
  15 orcs
  6 endoplasms
  3 giant cockroaches
  3 goblins (D:3)
  7 hobgoblins
  12 jackals
  3 quokkas
  6 ball pythons
  11 bats
  4 frilled lizards
  7 kobolds
  6 rats
123 creatures vanquished.

Vanquished Creatures (collateral kills)
  A ball python (D:2)
  A kobold (D:2)
2 creatures vanquished.

Grand Total: 125 creatures vanquished

Notes
Turn   | Place    | Note
-------+----------+-------------------------------------------
     0 | D:1      | stipulation the Vine Stalker Necromancer began the quest
                  | for the Orb.
     0 | D:1      | Reached XP level 1. HP: 9/9 MP: 4/4
   313 | D:1      | Reached XP level 2. HP: 13/13 MP: 3/6
  1072 | D:2      | Reached XP level 3. HP: 16/16 MP: 4/8
  1138 | D:2      | Identified the ring "Gitwaot" {rCorr MP+9 Dex-5 SInv
                  | Stlth+}
  1877 | D:2      | Learned a level 3 spell: Vampiric Draining
  2041 | D:3      | Found a faded altar of an unknown god.
  2145 | D:3      | Found a bloodstained altar of Trog.
  2337 | D:3      | Noticed Ijyb
  2366 | D:3      | Killed Ijyb
  2367 | D:3      | Reached XP level 4. HP: 21/21 MP: 6/9
  2449 | D:3      | Reached skill level 5 in Necromancy
  2673 | D:3      | Reached skill level 1 in Fighting
  2853 | D:3      | Learned a level 4 spell: Animate Dead
  2892 | D:4      | Reached skill level 1 in Staves
  2892 | D:4      | Reached XP level 5. HP: 25/25 MP: 10/10
  2976 | D:4      | Noticed a phantom
  3279 | D:4      | Noticed Menkaure
  3299 | D:4      | Killed Menkaure
  3300 | D:4      | Reached XP level 6. HP: 28/30 MP: 12/12
  3603 | D:4      | Noticed Sigmund
  3720 | D:5      | Entered Level 5 of the Dungeon
  3720 | D:5      | Noticed a water moccasin
  3727 | D:5      | Killed a water moccasin
  3728 | D:5      | Reached skill level 6 in Necromancy
  3905 | D:5      | Reached XP level 7. HP: 35/35 MP: 14/14
  3908 | D:5      | Learned a level 2 spell: Blink
  4399 | D:5      | Noticed Blork the orc
  4475 | D:5      | Killed Blork the orc
  4476 | D:5      | Reached skill level 1 in Translocations
  4606 | D:5      | Reached skill level 7 in Necromancy
  5021 | D:6      | Gained mutation: You have razor-sharp teeth. [Vine Stalker
                  | growth]
  5021 | D:6      | Reached XP level 8. HP: 34/39 MP: 13/16
  5390 | D:6      | Reached skill level 5 in Spellcasting
  5757 | D:6      | Reached skill level 8 in Necromancy
  6000 | D:6      | Noticed Jeremiah
  6379 | D:6      | Noticed Duvessa
  6381 | D:6      | Noticed Dowan
  6405 | D:6      | Killed Duvessa
  6495 | D:6      | Killed Dowan
  6822 | D:6      | Reached skill level 9 in Necromancy
  6822 | D:6      | Reached XP level 9. HP: 38/42 MP: 5/18
  8104 | D:6      | Slain by Jeremiah

Illustrated notes

Levels and vault maps discovered:
D:1:      scummos_arrival_hexagon, layout_loops_ring, minmay_split_cup_small
D:2:      layout_basic, serial_curves, eino_curves_04, eino_curves_01,
          eino_curves_02, minmay_cupped
D:3:      cheibrodos_greedy_goblins, layout_loops_ring, general_overflow_altar,
          hellmonk_ecumenical_altar_arch_garden, uniq_ijyb
D:4:      cheibrodos_old_hovel, layout_loops_corners, enter_ossuary_5,
          serial_co_window_serial, co_window_paths_b,
          co_window_of_opportunity_a, co_window_corner_a, co_window_paths_a,
          co_window_of_opportunity_a, co_window_unsneaky_path_c,
          co_window_broadway_a, co_window_of_opportunity_b,
          co_window_broadway_c, co_window_broadway_a, co_window_sun,
          glass_columns_a, glass_columns_c, uniq_sigmund, uniq_menkaure
D:5:      layout_cave_pods, uniq_blork_the_orc
D:6:      layout_loops_cross, corexii_item_surrounded_by_moat, uniq_jeremiah,
          uniq_duvessa

Skill      XL: |  1  2  3  4  5  6  7  8  9 |
---------------+----------------------------+-----
Spellcasting   | 3 4 5 6 |  6.1
Necromancy     | 5 6 7 9 |  9.3
Fighting       | 1 2 |  2.0
Staves         | 1 2 |  2.0
Translocations | 2 4 |  4.0
Dodging        | |  1.5
Stealth        | |  2.4

Action                     |  1- 3 |  4- 6 |  7- 9 || total
---------------------------+-------+-------+-------++-------
  Melee: Staff             |    34 |    71 |   169 ||   274
         Bite              |     8 |    15 |    45 ||    68
         Punch             |       |       |     2 ||     2
   Cast: Necrotise         |    70 |    38 |    88 ||   196
         Vampiric Draining |       |     4 |    46 ||    50
  Evoke: Wand              |       |       |     4 ||     4
    Use: Scroll            |       |     4 |     1 ||     5
   Stab: Sleeping          |     1 |     1 |       ||     2
 Armour: Robe              |    25 |    69 |   172 ||   266
  Dodge: Dodged            |    43 |    84 |   150 ||   277
